AoeStats
← 恆浪蕩

Hill Fort

505785417Analyzed
3v3 RM · 21d ago on Sep 11, 2026· 31m 10s· 6 players
Game mode
Random Map
Map size
Normal (6 player)
Population
200
Speed
Normal
Resources
Standard
Victory
Conquest
Starting age
Dark Age
Ending age
Imperial Age
RankedLock teamsTeams togetherTeam positionsShared explorationLock speedFull tech treeHidden civsTurbo modeCheats
Victory
Defeat
🇧🇷 Hindustanis · Brazil
1752
+7
🇧🇷 Tupi · Brazil
1654
+11
🇧🇷 Saracens · Brazil
1650
+11
🇹🇼 Bengalis · Taiwan
1613
-12
🇭🇰 Spanish · Hong Kong SAR China
1613
-12
🇦🇷 Mongols · Argentina
1393
-5
GAX | Subzeroaoe
9:38 Feudal Age
13:59 Castle Age
12:48 Loom
13:22 Double-Bit Axe
15:09 Bow Saw
15:31 Horse Collar
17:44 Fletching
18:57 Bodkin Arrow
22:17 Ballistics
23:17 Padded Archer Armor
24:04 Gold Mining
25:32 Wheelbarrow
Fs.TARTARUGA VELOZ
8:08 Feudal Age
7:14 Loom
8:38 Double-Bit Axe
9:30 Horse Collar
17:13 Forging
19:46 Wheelbarrow
23:32 Castle Age
21:41 Gold Mining
22:47 Bloodlines
23:47 Scale Barding Armor
23:40 Light Cavalry
24:22 Husbandry
27:07 Hand Cart
27:40 Bow Saw
27:30 Heavy Plow
30:29 Chain Barding Armor
GAX | Huns N' Roses
11:57 Feudal Age
11:24 Loom
15:46 Castle Age
14:10 Double-Bit Axe
14:52 Fletching
16:07 Crossbowman
16:42 Bodkin Arrow
17:03 Bodkin Arrow
19:20 Horse Collar
24:38 Ballistics
27:46 Bow Saw
29:25 Padded Archer Armor
29:40 Heavy Plow
巨大豚
5:10 Loom
12:18 Feudal Age
15:51 Castle Age
13:38 Double-Bit Axe
16:48 Bow Saw
17:51 Scale Barding Armor
18:14 Horse Collar
19:09 Bloodlines
23:09 Husbandry
24:06 Wheelbarrow
24:00 Town Watch
Sean
0:49 Loom
12:09 Feudal Age
15:53 Castle Age
14:06 Double-Bit Axe
14:02 Horse Collar
15:56 Loom
16:03 Horse Collar
23:41 Padded Archer Armor
26:48 Bow Saw
恆浪蕩
8:17 Loom
8:26 Loom
10:40 Feudal Age
16:39 Castle Age
15:14 Double-Bit Axe
15:10 Horse Collar
24:12 Wheelbarrow
Connection lost

Rejoining the realm…

Still unreachable

The connection could not be restored.

Session expired

The server has moved on; the page needs a fresh start.